Cogmind - Beta 16 @@@ ROGUE MODE // 2025.12.10 @ 16:23:58 Player: BlobtheGreat Result: Core destroyed Performance ------------- Evolutions (8) 4000 Regions Visited (17) 3400 Robots Destroyed (175) 875 Value Destroyed (8157) 8157 Prototype IDs (58) 1160 Alien Tech Used (5) 1000 Bonus (9184) 9184 TOTAL SCORE: 27776 Bonus ------- Follower Combat Kills 2201 Delivered SUBCON Basin 2000 Registered with UFD 300 Met Optimus in HQ 500 Met Zhirov 300 Met Warlord at Base 500 MAIN.C Attacked Warlord 500 Warlord Defense Kills 4992 Friendly Fire -2109 Cogmind --------- Core Integrity 0/1450 Matter 48/300 Energy 100/100 System Corruption 5% Temperature Cool (0) Movement Core (700) Ox13 Location -2/Research Parts ------- > --- POWER (2) -------- (None) > --- PROPULSION (6) --- (None) > --- UTILITY (12) ----- High-capacity Storage Unit Spectral Analyzer Advanced Signal Interpreter Advanced Targeting Computer Core Analyzer > --- WEAPON (3) ------- (None) > --- INVENTORY (20) --- Improved Matter Compressor (300) Mapping Drone Bay (2/3) Subatomic Replicator Enhanced Quantum Rifle Compact HERF Cannon Nova Cannon Nova Cannon Vortex Driver (21) Enhanced Nova Cannon Hypervelocity Railgun Gamma Bomb Array LU-1G1's Laser Shovel Peak State ------------ > --- POWER ------------ Vortex Chain Reactor > --- PROPULSION ------- Improved VSS Leg Advanced VSS Leg Advanced VSS Leg Improved Thunder Leg Heavy Shield Leg > --- UTILITY ---------- Advanced Cooling System High-capacity Storage Unit Spectral Analyzer Advanced Sensor Array Advanced Signal Interpreter Advanced Targeting Computer Core Analyzer Transmission Jammer Advanced Reaction Control System Improved Heavy Armor Plating Advanced Force Field > --- WEAPON ----------- Nova Cannon Sigix Broadsword > --- INVENTORY -------- Quantum Reactor Light Quantum Reactor Shield Leg Shield Leg Improved Thunder Leg Improved Matter Compressor Quantum Capacitor Mapping Drone Bay Dimensional Node Initializer Transdimensional Reconstructor High-powered Transdimensional Reconstructor Subatomic Replicator Personal Teleporter v0.10 Compact HERF Cannon Vortex Driver Vortex Driver Helical Railgun Fusion Bomb Launcher LU-1G1's Laser Shovel [Rating: 180] Favorites ----------- Power Subdweller Power Source Engine Subdweller Power Source Power Core Fission Core Reactor Vortex Chain Reactor Propulsion Light Treads Treads Light Treads Leg Advanced VSS Leg Hover Unit Cooled Gravmag System Utility Large Storage Unit Device V3-11A's Pendant Storage Large Storage Unit Processor Core Analyzer Protection Hardened Heavy Armor Plating Weapon Subdweller Beam Cannon Energy Gun Plasma Rifle Energy Cannon Subdweller Beam Cannon Ballistic Gun Helical Railgun Ballistic Cannon Battle Cannon Launcher Mini Grenade Launcher Special Weapon LU-1G1's Laser Shovel Impact Weapon Flail Slashing Weapon Great Axe Build | -11 -10 -10 -7 -7 -5 -5 -5 -5 -4 -4 -4 -4 -4 -3 -3 -3 -2 ------- Run | Yrd Mat Sub Rec Scr Fac Upp Upp Zhi Pro Fac Upp Upp War Pro Res Qua Res Slots Evolved 16 | . . . . . 10 . . . . 2 . . . . 2 . 2 Power 1 | . . . . . 1 . . . . . . . . . . . . Propulsion 4 | . . . . . 2 . . . . 2 . . . . . . . Utility 10 | . . . . . 6 . . . . . . . . . 2 . 2 Weapon 1 | . . . . . 1 . . . . . . . . . . . . Parts Attached 150 | 7 6 21 . 8 20 . 2 3 2 6 3 1 17 2 6 15 31 Power 14 | 1 . 2 . . 3 . 1 1 . . . . 1 . . . 5 Engine 3 | 1 . 2 . . . . . . . . . . . . . . . Core 4 | . . . . . 3 . 1 . . . . . . . . . . Reactor 7 | . . . . . . . . 1 . . . . 1 . . . 5 Propulsion 35 | 2 1 4 . . 3 . . 1 . 4 1 1 6 1 . 5 6 Treads 6 | 2 1 3 . . . . . . . . . . . . . . . Leg 27 | . . 1 . . 3 . . . . 4 1 1 5 1 . 5 6 Wheel . | . . . . . . . . . . . . . . . . . . Hover 2 | . . . . . . . . 1 . . . . 1 . . . . Flight . | . . . . . . . . . . . . . . . . . . Utility 55 | 2 2 5 . 3 13 . 1 1 1 1 1 . 6 . 3 4 12 Device 32 | 1 1 1 . 2 9 . 1 1 . 1 . . 2 . 2 2 9 Storage 4 | 1 1 . . . 2 . . . . . . . . . . . . Processor 7 | . . . . 1 1 . . . . . . . 3 . . 1 1 Hackware . | . . . . . . . . . . . . . . . . . . Protection 12 | . . 4 . . 1 . . . 1 . 1 . 1 . 1 1 2 Artifact . | . . . . . . . . . . . . . . . . . . Weapon 46 | 2 3 10 . 5 1 . . . 1 1 1 . 4 1 3 6 8 Energy Gun 7 | 1 . 1 . 1 1 . . . . . . . . . 2 . 1 Energy Cannon 12 | . 2 3 . . . . . . 1 . 1 . 1 . . 2 2 Ballistic Gun 15 | 1 . 2 . 2 . . . . . 1 . . 1 1 1 3 3 Ballistic Cannon 3 | . . 1 . . . . . . . . . . 2 . . . . Launcher 5 | . 1 2 . . . . . . . . . . . . . 1 1 Special Weapon 1 | . . . . 1 . . . . . . . . . . . . . Impact Weapon 1 | . . 1 . . . . . . . . . . . . . . . Slashing Weapon 2 | . . . . 1 . . . . . . . . . . . . 1 Piercing Weapon . | . . . . . . . . . . . . . . . . . . Special Melee Weapon . | . . . . . . . . . . . . . . . . . . Unidentified Prototypes 26 | . 1 1 . 3 1 . 1 4 . . . . 8 . 2 1 4 Parts Lost 61 | . 1 4 . 2 5 . . . 2 . 1 . 7 . 4 . 35 Power 8 | . 1 . . . 1 . . . . . . . 1 . . . 5 Propulsion 15 | . . 2 . . 1 . . . . . 1 . 1 . . . 10 Utility 28 | . . 1 . 1 3 . . . . . . . 5 . 2 . 16 Weapon 10 | . . 1 . 1 . . . . 2 . . . . . 2 . 4 Highest Loss Streak 12 | . 1 3 . 2 2 . . . 1 . 1 . 2 . 2 . 12 To Critical Strikes 3 | . . . . . . . . . 1 . . . . . 1 . 1 Average Backups 13 | 4 11 12 3 11 11 14 14 16 16 15 16 17 18 18 18 19 17 Power . | . 1 . . . . . . . . . . . . 1 1 2 1 Propulsion 2 | 2 2 . . . 2 6 5 6 8 6 5 5 4 2 3 2 1 Utility 5 | . 2 6 3 9 6 5 5 5 4 4 6 7 6 5 5 5 2 Weapon 3 | . 5 5 . 1 . 1 1 2 1 2 2 2 4 6 5 5 5 Tool/Special . | . . . . . . . . . . . . . . . . . . Unused Backups 39 | . 5 6 1 3 4 . 1 . . . 1 . 5 . 3 5 5 Power 3 | . . . 1 . . . . . . . . . . . . . 2 Propulsion 9 | . 4 . . . . . 1 . . . . . 4 . . . . Utility 17 | . . 3 . 3 4 . . . . . 1 . 1 . 1 3 1 Weapon 8 | . . 3 . . . . . . . . . . . . 2 2 1 Tool/Special 2 | . 1 . . . . . . . . . . . . . . . 1 Average Slot Usage (%) 83 | . 88 99 50 46 74 84 84 69 83 93 94 94 92 94 89 89 76 Engine 6 | . 3 13 10 5 . . . . . . . . . . . . . Core 1 | . . . . . 7 10 10 7 5 4 4 5 3 . . . . Reactor 1 | . . . . . . . . 2 5 4 4 5 5 5 4 4 6 Treads 12 | . 28 27 . . . . . . . . . . . . . . . Leg 10 | . . . 10 10 13 15 15 14 15 22 27 31 30 31 28 28 17 Device 14 | . 14 13 10 2 24 31 31 31 31 32 27 21 18 21 16 13 18 Storage 9 | . 14 13 10 9 5 5 5 5 5 4 4 5 5 5 6 4 4 Processor 4 | . . . . 4 5 5 5 5 5 4 4 5 8 15 14 18 17 Protection 1 | . . . . . 3 . . . 1 4 4 5 4 . 4 4 2 Energy Gun 1 | . 4 . . 2 4 5 5 . 3 . . . . . 1 2 . Energy Cannon 7 | . 9 13 10 6 . . . . 3 1 3 5 1 . . . 3 Ballistic Gun 5 | . 13 4 . . 9 9 9 . 6 7 9 10 9 8 9 6 2 Ballistic Cannon 1 | . . 2 . . . . . . . . . . 3 6 1 . . Impact Weapon 2 | . . 6 . . . . . . . . . . . . . . . Peak Build Rating 180 | 7 10 54 54 45 98 98 101 105 106 131 131 111 161 162 172 165 180 Average Rating 60 | 6 8 16 46 38 86 98 99 88 105 126 119 109 129 161 167 161 148 On Entrance 91 | . 7 10 54 41 40 90 98 101 105 105 131 109 111 161 162 168 160 Avg Prop Armor Cover (%) 18 | . 11 . . 37 . . . . . . . . . . . . . Naked Turns . | . . . . . . . . . . . . . . . . . . Heaviest Build 141 | 13 27 40 35 35 94 73 73 78 87 97 102 102 114 107 136 124 141 Greatest Support 152 | 40 40 55 55 55 91 91 91 91 91 129 129 114 146 146 139 152 149 Greatest Overweight (x) 19 | . 1 . . 2 1 . . . . . . . . . . . 19 Average Overweight (x) . | . . . . . . . . . . . . . . . . . . Largest Inventory Capacity 20 | 8 15 15 15 15 20 20 20 20 20 20 20 20 20 20 20 20 20 Average Capacity 16 | 7 12 15 15 14 16 20 20 20 20 20 20 20 20 20 20 20 20 Most Carried 20 | 7 15 15 15 15 19 18 20 20 20 20 20 20 20 20 20 20 20 Average Carried 15 | 4 11 14 11 13 14 18 18 19 19 18 19 20 19 19 19 19 17 Final Capacity 20 | 8 15 15 15 15 20 20 20 20 20 20 20 20 20 20 20 20 20 Final Carried 20 | 7 15 15 13 15 19 18 20 20 19 20 20 20 20 20 20 20 12 Class Distribution -------------------- 46% | Mutant 18% | Commander-Mutant 7% | Gunner 7% | Scavenger-Gunner 5% | Scavenger-Mutant 5% | Scavenger-Skirmisher 3% | Tank 3% | Scavenger-Tank Dominant Class ---------------- Mutant | -10/Materials Mutant | -10/Subcaves Commander-Mutant | -7/Recycling Commander-Mutant | -7/Scraptown Scavenger-Tank | -5/Factory Scavenger-Gunner | -5/Upper Caves Scavenger-Gunner | -5/Upper Caves Mutant | -5/Zhirov Gunner | -4/Proximity Caves Tank | -4/Factory Gunner | -4/Upper Caves Gunner | -4/Upper Caves Gunner | -4/Warlord Scavenger-Gunner | -3/Proximity Caves Scavenger-Gunner | -3/Research Scavenger-Skirmisher | -3/Quarantine Mutant | -2/Research Resources | -11 -10 -10 -7 -7 -5 -5 -5 -5 -4 -4 -4 -4 -4 -3 -3 -3 -2 ----------- Run | Yrd Mat Sub Rec Scr Fac Upp Upp Zhi Pro Fac Upp Upp War Pro Res Qua Res Matter Collected 7210 | 303 154 326 70 99 737 78 243 . 187 102 153 58 2160 204 948 295 1093 Remotely . | . . . . . . . . . . . . . . . . . . Salvage Created 9617 | 187 396 713 445 . 727 48 63 . 167 25 160 72 2583 180 402 365 3084 Parts 459 | 12 25 36 12 . 35 . 1 . 8 2 15 1 98 14 34 28 138 Haulers Intercepted 5 | . 2 . . . 1 . . . . . . . . . 1 . 1 Recyclers Shooed 9 | 1 . . 3 . 1 . . . . . . . . . . . 4 Parts Field Recycled . | . . . . . . . . . . . . . . . . . . Retrieved Matter . | . . . . . . . . . . . . . . . . . . Parts Self-Destructed 65 | . . 23 . . . . 3 . 3 . 14 8 . 14 . . . Prevented 69 | . . . . . . 1 6 . 13 . 16 19 . 14 . . . Parts Restored . | . . . . . . . . . . . . . . . . . . Kills | -11 -10 -10 -7 -7 -5 -5 -5 -5 -4 -4 -4 -4 -4 -3 -3 -3 -2 ------- Run | Yrd Mat Sub Rec Scr Fac Upp Upp Zhi Pro Fac Upp Upp War Pro Res Qua Res Combat Hostiles Destroyed 127 | . 13 13 2 . 11 1 1 . 3 . 2 1 36 6 5 4 29 Guns 45 | . 9 1 . . 11 . 1 . 1 . 1 . 5 1 5 4 6 Cannons 66 | . 2 8 2 . . . . . 1 . 1 1 31 5 . . 15 AOE 7 | . 2 4 . . . . . . . . . . . . . . 1 Classes Destroyed 25 | 3 4 3 1 . 1 . . . 1 1 1 . 9 . 1 . . Worker 8 | 1 1 . . . 1 . . . . . . . . . . . 5 Builder 7 | . . . . . . . . . . . . . . . 1 . 6 Tunneler 4 | 4 . . . . . . . . . . . . . . . . . Hauler 5 | . 2 . . . 1 . . . . . . . . . 1 . 1 Recycler 6 | 1 . . 2 . 1 . . . . . . . . . . . 2 Mechanic 2 | . . . . . . . . . . . . . . . 1 . 1 Operator 2 | . . . . . . . . . . 1 . . . . . 1 . Drone 2 | . . . . . . . . . 1 . . . . 1 . . . Watcher 4 | . 1 . . . . . . . . . . . . . . 2 1 Swarmer 25 | . 9 4 . . 5 . . . . . 1 . 2 4 . . . Grunt 29 | . 4 2 . . 2 1 1 . . . . 1 14 . . . 4 Brawler 2 | . . . . . . . . . . . . . 2 . . . . Protector 4 | . . . . . . . . . . . . . 4 . . . . Sentry 7 | . . . 2 . . . . . . . . . . . . . 5 Demolisher 2 | . . . . . . . . . . . . . 2 . . . . Specialist 2 | . . . . . . . . . . . . . 2 . . . . Hunter 20 | . . . . . 4 . . . 2 . . . 3 . 1 . 10 Programmer 22 | . . . . . . . . . . . 1 . 4 1 4 4 8 Behemoth 3 | . . . . . . . . . . . . . 1 . . . 2 Striker 1 | . . . . . . . . . . . . . 1 . . . . Executioner 1 | . . . . . . . . . . . . . 1 . . . . Artisan 2 | . . 2 . . . . . . . . . . . . . . . Cobbler 1 | . . 1 . . . . . . . . . . . . . . . Subdweller 12 | . . 12 . . . . . . . . . . . . . . . Decomposer 1 | . . . . . . . . . . . 1 . . . . . . Surgeon 1 | . . . . . . . . . . . . . 1 . . . . Wasp 1 | . . . . . . . . . . . . . . 1 . . . Wizard 1 | . . . . . . . . . . . 1 . . . . . . Mutant 1 | . . . . . . . . . . . . . 1 . . . . Commander 1 | . . . . . . . . . . . . . 1 . . . . Best Kill Streak 14 | 3 4 4 1 . 6 1 1 . 2 1 1 1 8 4 3 2 14 Combat Bots Only 8 | . 4 4 1 . 6 1 1 . 2 . 1 1 8 4 3 2 5 Max Kills in Single Turn 4 | 1 2 4 1 . 2 1 1 . 1 1 1 1 2 2 2 1 4 Gunslinging 1 | . . . . . 1 . . . . . . . . . . . . Exploded 4 | . 1 4 . . . . . . . . . . . . . . 1 Melee . | . . . . . . . . . . . . . . . . . . Uniques/NPCs Destroyed . | . . . . . . . . . . . . . . . . . . Combat | -11 -10 -10 -7 -7 -5 -5 -5 -5 -4 -4 -4 -4 -4 -3 -3 -3 -2 -------- Run | Yrd Mat Sub Rec Scr Fac Upp Upp Zhi Pro Fac Upp Upp War Pro Res Qua Res Hostile Shots Fired 1214 | . 62 55 27 4 119 2 . . 43 1 10 1 222 14 104 25 525 Missed 438 | . 18 16 7 . 35 2 . . 22 1 4 1 107 5 51 10 159 Deflected 6 | . . . . . . . . . . . . . . . . . 6 Hits 776 | . 44 39 20 4 84 . . . 21 . 6 . 115 9 53 15 366 Projectile 776 | . 44 39 20 4 84 . . . 21 . 6 . 115 9 53 15 366 AOE 12 | . . . . . 1 . . . . . . . 11 . . . . Critical Strikes 32 | . . . . . 4 . . . 1 . . . 5 1 4 2 15 Part Disruptions 3 | . . . . . . . . . . . . . . . 1 1 1 Damage Taken 15587 | . 420 857 149 326 1118 . . . 359 . 162 . 2816 190 838 342 8010 Core 1915 | . 62 32 66 . 9 . . . 18 . 20 . 175 . 34 . 1499 Absorbed by Shields 1427 | . . . . . . . . . . . 59 . . . 366 . 1002 Ignored by Resistances 468 | . . . . . 154 . . . 100 . 31 . . . . . 183 Regen/Repaired (Parts) 359 | . . . . . . . . . . . . . 111 . . . 248 Core Remaining (%) 82 | 100 . . . 36 . . . . 97 . . . . 83 . 97 . Volleys Fired 609 | 11 29 83 11 1 50 1 2 . 21 2 11 6 158 9 38 39 137 Largest 3 | 2 2 2 1 1 3 3 3 . 3 2 3 3 3 3 3 3 3 Hottest 189 | 70 88 88 40 30 160 130 130 . 130 111 158 158 124 152 170 170 189 Shots Fired 1078 | 22 54 96 11 1 149 4 6 . 34 4 33 18 240 27 110 78 191 Gun 649 | 22 40 14 . 1 148 4 6 . 19 3 22 12 83 14 90 78 93 Cannon 418 | . 10 81 11 . . . . . 15 1 11 6 157 13 20 . 93 Launcher 10 | . 4 1 . . . . . . . . . . . . . . 5 Special 1 | . . . . . 1 . . . . . . . . . . . . Kinetic 720 | 11 25 16 . 1 99 3 4 . 12 3 22 12 240 27 92 60 93 Thermal 277 | 11 25 79 11 . 50 1 2 . 7 . 11 6 . . 18 18 38 Explosive 7 | . 4 1 . . . . . . . . . . . . . . 2 Electromagnetic 59 | . . . . . . . . . 15 1 . . . . . . 43 Entropic 15 | . . . . . . . . . . . . . . . . . 15 Robot Hit Streak 20 | 5 7 14 2 . 11 1 3 . 3 2 5 6 7 2 6 5 20 Robot Miss Streak 9 | 1 4 1 3 1 9 . 1 . 6 2 2 3 6 5 7 4 3 Penetration Max 1 | . . . . . 1 . . . . . . . 1 . 1 1 1 Secondary Targets 6 | . 1 . . . 3 . . . . . . . . . 2 . . Max Gunslinging Chain 1 | . 1 . . . 1 . . . . . . . . . 1 . . Capacitor 23 | . . . . . . . . . . . . . . . . . 23 Shots Hit Robots 577 | 14 32 55 5 . 85 1 4 . 11 2 18 10 119 9 49 31 132 Core Hits 307 | 7 22 19 8 . 31 . 2 . 5 1 9 4 69 7 15 13 95 Critical Kills 35 | . . . . . . . . . . . . . 31 . 1 2 1 Critical Parts Destroyed 46 | . . 1 . . 1 . . . . . . . 37 1 1 1 4 Critical Strikes 105 | 1 2 1 . . 1 . . . . . . . 79 2 2 3 14 Burn 3 | 1 2 . . . . . . . . . . . . . . . . Destroy 92 | . . . . . 1 . . . . . . . 79 1 2 3 6 Blast 1 | . . . . . . . . . . . . . . 1 . . . Corrupt 1 | . . . . . . . . . . . . . . . . . 1 Smash 1 | . . 1 . . . . . . . . . . . . . . . Sunder 7 | . . . . . . . . . . . . . . . . . 7 Melee Attacks 48 | . . 40 . 2 . . . . . . . . . . . . 6 Impact 40 | . . 40 . . . . . . . . . . . . . . . Slashing 8 | . . . . 2 . . . . . . . . . . . . 6 Piercing . | . . . . . . . . . . . . . . . . . . Sneak Attacks 10 | . . 10 . . . . . . . . . . . . . . . Combat Hostiles . | . . . . . . . . . . . . . . . . . . Follow-up Attacks . | . . . . . . . . . . . . . . . . . . Damage Inflicted 18662 | 164 707 1904 540 . 1742 21 122 . 294 46 623 240 3227 453 1524 932 6123 Guns 8305 | 164 342 145 . . 1676 21 122 . 58 46 365 138 1220 145 1243 932 1688 Cannons 7782 | . 150 887 362 . . . . . 236 . 211 102 2007 308 275 . 3244 Explosions 1453 | . 187 121 . . . . . . . . . . . . . . 1145 Melee 751 | . . 751 . . . . . . . . . . . . . . . Ramming 366 | . 28 . 178 . 61 . . . . . 47 . . . 6 . 46 Kinetic 9639 | 78 214 145 . . 1174 . 78 . 13 46 365 138 3227 453 1148 872 1688 Thermal 4165 | 86 278 887 362 . 507 21 44 . 45 . 211 102 . . 370 60 1192 Explosive 773 | . 187 121 . . . . . . . . . . . . . . 465 Electromagnetic 1927 | . . . . . . . . . 236 . . . . . . . 1691 Impact 751 | . . 751 . . . . . . . . . . . . . . . Slashing . | . . . . . . . . . . . . . . . . . . Piercing . | . . . . . . . . . . . . . . . . . . Entropic 1041 | . . . . . . . . . . . . . . . . . 1041 Highest Corruption 13 | . . . . 4 1 1 1 1 1 . . . . 1 12 13 9 Average Corruption 5 | . . . . 4 1 1 1 1 1 . . . . 1 6 12 3 Corruption Purged 9 | . . . . . . . . . . . . . . . . . 9 Corruption Blocked . | . . . . . . . . . . . . . . . . . . Effects 77 | . . . . 8 1 2 1 1 3 . . . . 2 12 34 13 Message Errors 22 | . . . . 2 . 1 1 . 2 . . . . . 3 8 5 Matter Fused 12 | . . . . 2 . . . 1 . . . . . . 5 4 . Heat Flow Errors 11 | . . . . 1 . . . . . . . . . . 1 7 2 Energy Discharges 5 | . . . . 1 . . . . . . . . . . 1 2 1 Parts Rejected 4 | . . . . . . . . . . . . . . . 1 1 2 Parts Fused 1 | . . . . . . . . . . . . . . . . 1 . Data Loss (minor) 14 | . . . . 2 1 . . . . . . . . 2 1 5 3 Data Loss (major) 2 | . . . . . . . . . . . . . . . . 2 . Misfires 5 | . . . . . . 1 . . 1 . . . . . . 3 . Alerts 1 | . . . . . . . . . . . . . . . . 1 . Overload Shots . | . . . . . . . . . . . . . . . . . . Overflow Damage 547 | . 16 253 30 . . . . . . . 33 . 18 47 17 . 133 Projectiles 204 | . 16 . 22 . . . . . . . 3 . 18 47 17 . 81 Explosions 52 | . . . . . . . . . . . . . . . . . 52 Melee 291 | . . 253 8 . . . . . . . 30 . . . . . . Knockbacks 12 | . 1 2 . . . . . . . . . . 4 1 4 . . Impact 3 | . 1 2 . . . . . . . . . . . . . . . Kinetic 9 | . . . . . . . . . . . . . 4 1 4 . . Secondary . | . . . . . . . . . . . . . . . . . . Self-Inflicted Damage 189 | . . . . . . . . . . . . . . . . . 189 Shots 9 | . . . . . . . . . . . . . . . . . 9 Rammed 4 | . 4 . . . . . . . . . . . . . . . . Targets Rammed 42 | . 4 . 22 . 4 . . . . . 1 . . . 1 . 10 Kicked 38 | . . . 22 . 4 . . . . . 1 . . . 1 . 10 Crushed . | . . . . . . . . . . . . . . . . . . Highest Temperature 356 | 63 60 13 30 246 253 20 20 . 108 12 132 132 20 . 248 236 356 Average Temperature 47 | 27 24 5 15 121 41 15 15 . 35 9 41 57 11 . 20 95 73 Received Heat Transfer 1919 | . 96 231 36 60 216 . . . 12 . 21 . 322 . 57 . 868 Effects 1 | . . . . 1 . . . . . . . . . . . . . Interference 1 | . . . . 1 . . . . . . . . . . . . . Siege Activations . | . . . . . . . . . . . . . . . . . . Martial Activations . | . . . . . . . . . . . . . . . . . . Shielding Activations 4 | . . . . . . . . . . . . . . . . . 4 Total Turns 52 | . . . . . . . . . . . . . . . . . 52 Longest Duration 25 | . . . . . . . . . . . . . . . . . 25 Robots Disrupted . | . . . . . . . . . . . . . . . . . . Combat Hostiles . | . . . . . . . . . . . . . . . . . . Robots Corrupted 13 | . . 3 1 . . . . . 1 . 1 . . . . . 7 Combat Hostiles 8 | . . . . . . . . . 1 . . . . . . . 7 Parts Fried 18 | . . 3 1 . . . . . 1 2 . . . . . . 11 Impact Corruptions 12 | . . 7 1 . . . . . . . 4 . . . . . . Robots Melted 1 | . . . . . . 1 . . . . . . . . . . . Combat Hostiles 1 | . . . . . . 1 . . . . . . . . . . . Parts Melted 12 | 1 1 2 . . 5 . . . . . . . . 1 . . 2 Heat Transferred 5637 | 333 777 1295 . . 1150 50 100 . 100 . 300 150 . . 370 74 938 Parts Sabotaged . | . . . . . . . . . . . . . . . . . . Parts Stolen . | . . . . . . . . . . . . . . . . . . Parts Stripped . | . . . . . . . . . . . . . . . . . . Power Chain Reactions 1 | . . . . . . . . . . . . . . . . . 1 Alert | -11 -10 -10 -7 -7 -5 -5 -5 -5 -4 -4 -4 -4 -4 -3 -3 -3 -2 ------- Run | Yrd Mat Sub Rec Scr Fac Upp Upp Zhi Pro Fac Upp Upp War Pro Res Qua Res Maximum Alert Level 2 | . . . . . . . . . . 2 . . . . 2 . 1 Low Security (%) 85 | 100 100 . 100 . 100 . . . . 22 . . . . 8 100 76 Level 1 11 | . . . . . . . . . . 11 . . . . 90 . 23 Level 2 2 | . . . . . . . . . . 65 . . . . . . . Level 3 . | . . . . . . . . . . . . . . . . . . Level 4 . | . . . . . . . . . . . . . . . . . . Level 5 . | . . . . . . . . . . . . . . . . . . High Security . | . . . . . . . . . . . . . . . . . . Max Security . | . . . . . . . . . . . . . . . . . . Peak Influence 465 | 15 194 . 171 . 135 . . . . 465 . . . . 411 198 326 Initial 455 | . . . 67 . . . . . . 455 . . . . 27 189 71 Average 113 | 2 82 . 61 . 43 . . . . 356 . . . . 269 125 149 Influence Increases 6987 | 30 472 367 507 . 376 20 35 . 124 692 355 384 984 252 901 348 1140 Destroy 0b10 Robot/C 3460 | . 260 200 160 . 220 20 20 . 80 80 220 260 740 160 380 80 580 Destroy 0b10 Robot/NC 260 | 30 20 . 25 . 15 . . . 10 5 . . 20 10 30 15 80 Destroy Leader 516 | . 46 20 . . 40 . . . 10 40 30 20 . 40 92 24 154 Allied During Kill 586 | . . 57 73 . . . . . 9 54 90 104 44 42 113 . . Successful Hack 179 | . 51 . 32 . 57 . . . . 13 . . . . . . 26 Select Force Hacks 210 | . . . 210 . . . . . . . . . . . . . . Disable Machine 240 | . . . . . 15 . . . . . . . . . 30 165 30 Anti-Garrison Action 150 | . . . . . . . . . . . . . . . 150 . . Destroy Structure 441 | . 20 . 7 . 14 . . . . 20 . . . . 106 64 210 Advance Influence 450 | . . . . . . . . . . 450 . . . . . . . Partial Spotted 75 | . 15 . . . . . . . . 15 . . . . . . 45 Lose Combat Pursuer 420 | . 60 90 . . 15 . 15 . 15 15 15 . 180 . . . 15 Influence Decreases 6695 | 30 455 244 647 . 376 20 35 . 115 514 482 202 664 772 606 558 975 Entered New Map 1191 | . . 9 73 . . . . . . 4 70 12 242 562 15 148 56 Time Decay 3816 | 30 445 195 494 . 237 20 35 . 105 180 262 150 252 190 252 410 559 Search Patrol Dispatched 100 | . . . . . . . . . . 100 . . . . . . . Lost Part 532 | . 10 . . . 50 . . . 10 . 10 . 70 . 32 . 350 Lost Ally 667 | . . 40 80 . . . . . . 80 140 40 100 20 157 . 10 Purge Threat 389 | . . . . . 89 . . . . 150 . . . . 150 . . Squads Dispatched 29 | . 2 . . . 5 . . . . 2 . . . . 8 2 10 Investigation 3 | . 1 . . . 1 . . . . . . . . . 1 . . Extermination 10 | . . . . . 1 . . . . 1 . . . . 1 2 5 Reinforcement 7 | . 1 . . . 3 . . . . 1 . . . . . . 2 Assault 2 | . . . . . . . . . . . . . . . 2 . . Garrison 7 | . . . . . . . . . . . . . . . 4 . 3 Intercept . | . . . . . . . . . . . . . . . . . . Searches Triggered 1 | . . . . . . . . . . 1 . . . . . . . Construction Impeded 1 | . . . . . 1 . . . . . . . . . . . . Haulers Reinforced 1 | . . . . . . . . . . . . . . . . . 1 Active Scanning Responses . | . . . . . . . . . . . . . . . . . . Cargo Convoy Interrupts 1 | . . . . . . . . . . . . . . . . . 1 Stealth | -11 -10 -10 -7 -7 -5 -5 -5 -5 -4 -4 -4 -4 -4 -3 -3 -3 -2 --------- Run | Yrd Mat Sub Rec Scr Fac Upp Upp Zhi Pro Fac Upp Upp War Pro Res Qua Res Distress Signals 7 | . 2 . . 1 . . . . . . . . 2 . . . 2 Communications Jammed 75 | . . . . . 32 . . . 1 . . . 22 . . 4 16 Distress Signals 74 | . . . . . 32 . . . . . . . 22 . . 4 16 Times Spotted 289 | . 23 25 6 3 22 1 2 . 10 3 12 9 87 8 12 14 52 Peak Tracking Total 10 | . 5 4 2 1 4 2 3 . 3 1 5 7 10 4 3 4 8 Tactical Retreats 19 | . 3 2 . . 1 . 1 . 1 1 1 . 8 . . . 1 Traps | -11 -10 -10 -7 -7 -5 -5 -5 -5 -4 -4 -4 -4 -4 -3 -3 -3 -2 ------- Run | Yrd Mat Sub Rec Scr Fac Upp Upp Zhi Pro Fac Upp Upp War Pro Res Qua Res Traps Triggered 7 | . 1 1 . . 1 . . . . 1 . . . . 2 1 . Indirectly . | . . . . . . . . . . . . . . . . . . Trap Hack Attempts . | . . . . . . . . . . . . . . . . . . Triggered . | . . . . . . . . . . . . . . . . . . Disarmed . | . . . . . . . . . . . . . . . . . . Reprogrammed . | . . . . . . . . . . . . . . . . . . Reused . | . . . . . . . . . . . . . . . . . . Traps Extracted . | . . . . . . . . . . . . . . . . . . Installed . | . . . . . . . . . . . . . . . . . . Triggered . | . . . . . . . . . . . . . . . . . . Most Traps Carried 3 | . . . . 3 3 3 3 3 2 2 2 2 2 . . . . Machines | -11 -10 -10 -7 -7 -5 -5 -5 -5 -4 -4 -4 -4 -4 -3 -3 -3 -2 ---------- Run | Yrd Mat Sub Rec Scr Fac Upp Upp Zhi Pro Fac Upp Upp War Pro Res Qua Res Machines Disabled 29 | . . 3 . 4 1 . . . . . . 1 3 . 3 12 2 Max in Single Turn 1 | . . 1 . 1 1 . . . . . . . 1 . 1 1 1 Garrison Access 1 | . . . . . . . . . . . . . . . 1 . . Machines Repaired . | . . . . . . . . . . . . . . . . . . Machines Dismantled . | . . . . . . . . . . . . . . . . . . Machines Sabotaged . | . . . . . . . . . . . . . . . . . . Overloaded Fab Kills . | . . . . . . . . . . . . . . . . . . Hacking | -11 -10 -10 -7 -7 -5 -5 -5 -5 -4 -4 -4 -4 -4 -3 -3 -3 -2 --------- Run | Yrd Mat Sub Rec Scr Fac Upp Upp Zhi Pro Fac Upp Upp War Pro Res Qua Res Machines Accessed 62 | . 6 4 13 3 8 . . 4 . 2 . . 2 . 2 11 7 Terminals 31 | . 5 . 6 . 5 . . . . 1 . . . . 1 9 4 Fabricators 2 | . . . . . 1 . . . . 1 . . . . . . . Repair Stations 1 | . 1 . . . . . . . . . . . . . . . . Recycling Units 8 | . . . 7 . . . . . . . . . . . . . 1 Scanalyzers 4 | . . . . . 2 . . . . . . . . . . 1 1 Garrison Access 3 | . . . . . . . . . . . . . . . 1 1 1 Total Hacks 154 | . 16 8 25 24 23 . . 17 . 3 . . 3 . 4 16 15 Successful 94 | . 7 8 14 24 14 . . 17 . 2 . . 3 . . . 5 Failed 60 | . 9 . 11 . 9 . . . . 1 . . . . 4 16 10 Catastrophic 18 | . . . 4 . 3 . . . . . . . . . 2 8 1 Database Lockouts . | . . . . . . . . . . . . . . . . . . Manual 42 | . 3 . 24 . 9 . . . . 1 . . . . . 3 2 Terminals 70 | . 14 . 16 . 13 . . . . 2 . . . . 2 13 10 Fabricators 4 | . . . . . 3 . . . . 1 . . . . . . . Repair Stations 2 | . 2 . . . . . . . . . . . . . . . . Recycling Units 10 | . . . 9 . . . . . . . . . . . . . 1 Scanalyzers 12 | . . . . . 7 . . . . . . . . . . 2 3 Garrison Access 4 | . . . . . . . . . . . . . . . 2 1 1 Terminal Hacks 66 | . 6 8 . 24 2 . . 17 . 2 . . 3 . . . 4 Record 29 | . . 5 . 17 . . . 5 . . . . 2 . . . . Part Schematic 4 | . . . . . . . . 4 . . . . . . . . . Robot Analysis 12 | . 2 . . 6 . . . 4 . . . . . . . . . Prototype ID Bank 5 | . 1 . . . . . . 4 . . . . . . . . . Open Door 2 | . . 1 . . . . . . . . . . 1 . . . . Branch Access Points 3 | . . . . . 1 . . . . 1 . . . . . . 1 Alert Level 2 | . . . . . . . . . . . . . . . . . 2 Unreport Threat 1 | . . . . . 1 . . . . . . . . . . . . Hauler Manifests 1 | . 1 . . . . . . . . . . . . . . . . Zone Layout 4 | . 2 . . . . . . . . 1 . . . . . . 1 Proto ID Catalog 2 | . . 1 . 1 . . . . . . . . . . . . . Release Object 1 | . . 1 . . . . . . . . . . . . . . . Fabricator Hacks 2 | . . . . . 2 . . . . . . . . . . . . Load Schematic 1 | . . . . . 1 . . . . . . . . . . . . Build 1 | . . . . . 1 . . . . . . . . . . . . Repair Station Hacks 1 | . 1 . . . . . . . . . . . . . . . . Refit 1 | . 1 . . . . . . . . . . . . . . . . Recycling Unit Hacks . | . . . . . . . . . . . . . . . . . . Scanalyzer 8 | . . . . . 7 . . . . . . . . . . . 1 Insert Component 1 | . . . . . 1 . . . . . . . . . . . . Analyze 1 | . . . . . 1 . . . . . . . . . . . . Retrieve Study 6 | . . . . . 5 . . . . . . . . . . . 1 Garrison Access Hacks . | . . . . . . . . . . . . . . . . . . Unauthorized Hacks 17 | . . . 14 . 3 . . . . . . . . . . . . Terminals 10 | . . . 7 . 3 . . . . . . . . . . . . Botnet 5 | . . . 2 . 3 . . . . . . . . . . . . Skim 5 | . . . 5 . . . . . . . . . . . . . . Fabricators . | . . . . . . . . . . . . . . . . . . Repair Stations . | . . . . . . . . . . . . . . . . . . Recycling Units 7 | . . . 7 . . . . . . . . . . . . . . Tunnel 7 | . . . 7 . . . . . . . . . . . . . . Scanalyzers . | . . . . . . . . . . . . . . . . . . Garrison Access . | . . . . . . . . . . . . . . . . . . Data Cores Recovered 2 | . . . . . . . . . . 1 . . . . . 1 . Used . | . . . . . . . . . . . . . . . . . . Hacking Detections 40 | . 5 . 7 . 7 . . . . 2 . . . . 2 11 6 Full Trace Events 2 | . . . . . 1 . . . . . . . . . 1 . . Feedback Events . | . . . . . . . . . . . . . . . . . . Feedback Blocked . | . . . . . . . . . . . . . . . . . . Robot Schematics Acquired . | . . . . . . . . . . . . . . . . . . Robots Built . | . . . . . . . . . . . . . . . . . . Authchips . | . . . . . . . . . . . . . . . . . . Time . | . . . . . . . . . . . . . . . . . . Total Robot Build Rating . | . . . . . . . . . . . . . . . . . . Part Schematics Acquired 11 | . . . . 6 1 . . 4 . . . . . . . . . Parts Built . | . . . . . . . . . . . . . . . . . . Authchips . | . . . . . . . . . . . . . . . . . . Time 187 | . . . . . 187 . . . . . . . . . . . . Total Part Build Rating . | . . . . . . . . . . . . . . . . . . Part Studies Acquired 6 | . . . . . 5 . . . . . . . . . . . 1 Parts Repaired . | . . . . . . . . . . . . . . . . . . Time . | . . . . . . . . . . . . . . . . . . Parts Recycled . | . . . . . . . . . . . . . . . . . . Recycled Matter . | . . . . . . . . . . . . . . . . . . Retrieved Matter . | . . . . . . . . . . . . . . . . . . Retrieved Components . | . . . . . . . . . . . . . . . . . . Parts Scanalyzed 1 | . . . . . 1 . . . . . . . . . . . . Part Schematics Acquired 1 | . . . . . 1 . . . . . . . . . . . . Parts Damaged . | . . . . . . . . . . . . . . . . . . Bothacking | -11 -10 -10 -7 -7 -5 -5 -5 -5 -4 -4 -4 -4 -4 -3 -3 -3 -2 ------------ Run | Yrd Mat Sub Rec Scr Fac Upp Upp Zhi Pro Fac Upp Upp War Pro Res Qua Res Used RIF Installer . | . . . . . . . . . . . . . . . . . . Robots Hacked . | . . . . . . . . . . . . . . . . . . Non-combat . | . . . . . . . . . . . . . . . . . . Combat . | . . . . . . . . . . . . . . . . . . Robot Hacks Applied . | . . . . . . . . . . . . . . . . . . Relay Couplers Released 3 | . . . . . . . . . . . . . . . 3 . . Machine Destruction 3 | . . . . . . . . . . . . . . . 3 . . Fabnet Peak Effective % . | . . . . . . . . . . . . . . . . . . Robots Rewired 15 | . . . 13 . . . . . . . . 2 . . . . . Allies Hacked . | . . . . . . . . . . . . . . . . . . Hacks Repelled . | . . . . . . . . . . . . . . . . . . Allies | -11 -10 -10 -7 -7 -5 -5 -5 -5 -4 -4 -4 -4 -4 -3 -3 -3 -2 -------- Run | Yrd Mat Sub Rec Scr Fac Upp Upp Zhi Pro Fac Upp Upp War Pro Res Qua Res Total Allies 66 | . . 12 13 . . . 3 . 6 6 8 6 . 5 7 . . Largest Group 13 | . . 11 13 13 . . 3 3 4 4 4 6 5 4 4 . . Highest-Rated Group 396 | . . 207 233 233 . . 243 243 324 312 324 396 318 324 320 . . Highest-Rated Ally 81 | . . 19 32 32 . . 81 81 81 81 81 81 81 81 81 . . Total Orders 9 | . . . . 4 1 . 1 . . . . . . . . . 3 STAY 4 | . . . . 3 . . . . . . . . . . . . 1 FOLLOW 1 | . . . . 1 . . . . . . . . . . . . . EXPLORE 1 | . . . . . 1 . . . . . . . . . . . . RETURN 3 | . . . . . . . 1 . . . . . . . . . 2 Ally Attacks 390 | . . 52 33 44 . . . . 24 32 46 34 21 29 75 . . Total Damage 11076 | . . 792 506 1320 . . . . 804 875 1140 1891 505 593 2650 . . Kills 88 | . . 6 6 15 . . . . 5 4 10 14 5 4 19 . . Allies Corrupted 2 | . . 2 . . . . . . . . . . . . . . . Allies Melted 6 | . . . . 6 . . . . . . . . . . . . . Intel | -11 -10 -10 -7 -7 -5 -5 -5 -5 -4 -4 -4 -4 -4 -3 -3 -3 -2 ------- Run | Yrd Mat Sub Rec Scr Fac Upp Upp Zhi Pro Fac Upp Upp War Pro Res Qua Res Active Infowar (turns) 11176 | 125 1641 1466 . 1 612 185 266 224 324 375 565 312 1482 381 560 995 1662 Optics 4263 | . . . . . . . . . . . . . 665 381 560 995 1662 Sensors 3767 | . . . . . 2 185 266 224 324 375 287 . . 348 224 995 537 Structural 1 | . . . . . 1 . . . . . . . . . . . . Seismic 6332 | 125 1641 1466 . . 59 185 266 224 324 375 565 312 790 . . . . Jamming 5671 | . . . . 1 551 . . 133 324 369 565 312 1197 . . 762 1457 ECM 6 | . . . . . . . . . . . . . . . . . 6 Robot Analysis Total 12 | . 2 . . 6 . . . 4 . . . . . . . . . Derelict Logs Recovered 9 | . . 2 . 1 . 2 1 . . . 2 1 . . . . . Drone Launches 9 | . . . . . 1 . 3 . . . . . . . 1 . 4 Drone Recoveries 8 | . . . . . 1 . 3 . . . . . . . 1 . 3 Exploration | -11 -10 -10 -7 -7 -5 -5 -5 -5 -4 -4 -4 -4 -4 -3 -3 -3 -2 ------------- Run | Yrd Mat Sub Rec Scr Fac Upp Upp Zhi Pro Fac Upp Upp War Pro Res Qua Res Turns Passed 24288 | 244 1641 9245 1717 2952 1158 185 266 224 324 375 565 312 1482 381 560 995 1662 Spaces Moved 13237 | 123 581 3603 1158 1866 649 156 220 172 194 347 412 251 1009 350 423 829 894 Core 122 | 2 . . . 114 . . . . . . . . . . . . 6 Treads 4200 | 121 581 3498 . . . . . . . . . . . . . . . Legs 8913 | . . 105 1158 1752 649 156 220 172 194 347 412 251 1009 350 423 829 886 Wheels . | . . . . . . . . . . . . . . . . . . Hover . | . . . . . . . . . . . . . . . . . . Flight . | . . . . . . . . . . . . . . . . . . Fastest Speed 50 | 50 160 130 130 50 113 113 113 113 113 95 93 93 88 94 94 94 94 Average Speed 130 | 158 192 159 130 125 123 113 113 113 113 99 97 94 95 95 94 96 134 Slowest Speed 800 | 160 240 160 130 150 193 113 113 117 113 108 108 100 101 99 94 103 800 Overloaded Moves . | . . . . . . . . . . . . . . . . . . Propulsion Burnouts . | . . . . . . . . . . . . . . . . . . Robots Hopped . | . . . . . . . . . . . . . . . . . . Potential Cave-ins 8 | . . . . 4 . . . . . . . . 2 . . . 2 Cave-ins Triggered 1 | . . . . 1 . . . . . . . . . . . . . Teleports 4 | . . . . . . . . . . . . . . . . . 4 Exploration Rate (%) 53 | 6 83 97 99 86 19 36 42 60 39 10 61 41 84 61 15 94 36 Regions Visited 17 Branch Regions 12 Pre-discovered Areas 18 | . . . 9 5 . 1 . 3 . . . . . . . . . Known Exits Taken 8 | . . 1 . . 1 1 . . 1 1 . . . 1 1 1 . Unknown Exits Taken 9 | 1 1 . 1 1 . . 1 1 . . 1 1 1 . . . . Scrap Searched 16 | . . 8 . 4 . . 1 . . . 1 . . 2 . . . Spaces Dug 122 | . . 19 . 19 9 4 7 . . 4 2 . . . 7 23 28 Terrain Destroyed 328 | . 22 31 4 16 8 8 7 . 1 4 4 3 62 11 39 36 72 Melee 20 | . . 14 . . . . . . . . . . . . . . 6 Projectile 176 | . . 8 4 . 2 4 . . 1 . 2 3 62 11 32 13 34 AOE 51 | . 22 9 . . . . . . . . . . . . . . 20 Terrain Rammed . | . . . . . . . . . . . . . . . . . . Walls Destroyed . | . . . . . . . . . . . . . . . . . . Machines Disabled . | . . . . . . . . . . . . . . . . . . Actions | -11 -10 -10 -7 -7 -5 -5 -5 -5 -4 -4 -4 -4 -4 -3 -3 -3 -2 --------- Run | Yrd Mat Sub Rec Scr Fac Upp Upp Zhi Pro Fac Upp Upp War Pro Res Qua Res Total 19305 | 147 1045 6965 1355 2484 900 161 233 204 272 369 551 312 1310 380 500 956 1161 Wait 4673 | . 401 3172 32 560 152 . 3 . 56 6 116 29 79 10 1 26 30 Move 13219 | 122 580 3602 1157 1864 648 155 219 171 193 346 411 250 1008 349 422 828 894 Hop . | . . . . . . . . . . . . . . . . . . Pick Up 145 | 7 12 9 14 24 10 . 2 6 . 3 3 . 14 3 10 14 14 Fast Attach 90 | 7 3 4 . 2 13 . 1 11 1 5 1 . 14 . 8 6 14 Attach 59 | . . 8 . 4 5 1 . . 1 2 2 . 5 2 4 4 21 Detach 22 | . 1 5 . 3 2 . 1 . . . . . 3 1 1 1 4 Swap 102 | . 5 16 . 3 11 4 3 . . 3 3 1 7 1 6 16 23 Drop 151 | . 10 26 2 20 5 . 2 16 . 2 3 1 22 5 9 20 8 Fire 609 | 11 29 83 11 1 50 1 2 . 21 2 11 6 158 9 38 39 137 Melee 48 | . . 40 . 2 . . . . . . . . . . . . 6 Ram . | . . . . . . . . . . . . . . . . . . Kick 38 | . . . 22 . 4 . . . . . 1 . . . 1 . 10 Crush 4 | . 4 . . . . . . . . . . . . . . . . Escape Stasis 3 | . . . . 1 . . . . . . . . . . . 2 . Rewire 142 | . . . 117 . . . . . . . . 25 . . . . . Trap . | . . . . . . . . . . . . . . . . . . Miscellaneous . | . . . . . . . . . . . . . . . . . . Route ------- -11/Scrapyard -10/Materials (discovered 5 exits: [*Mat x3] / [*Min] / *Sub) -10/Subcaves (discovered 3 exits: [*Mat x2] / *Rec) -7/Recycling (discovered 2 exits: *Fac / *Scr) -7/Scraptown (discovered 2 exits: *Fac x2) -5/Factory (discovered 6 exits: Fac x4 / *Upp x2) -5/Upper Caves -5/Upper Caves (discovered 2 exits: Fac / *Zhi) -5/Zhirov -4/Proximity Caves -4/Factory (discovered 7 exits: Res x2 / *Upp x2 / *Ext x2 / Arm) -4/Upper Caves -4/Upper Caves -4/Warlord -3/Proximity Caves -3/Research (discovered 2 exits: *Qua x2) -3/Quarantine -2/Research (discovered 3 exits: *Acc / Tes x2) History --------- Turn | Location | Event 23 | -11/Scrapyard | Discovered new exit (range 15) 245 | -11/Scrapyard | Entered Materials 308 | -10/Materials | Build established: Mutant 434 | -10/Materials | Discovered new exit (range 12) 587 | -10/Materials | Discovered new exit (range 8) 1168 | -10/Materials | Discovered new exit (range 4) 1285 | -10/Materials | Discovered new exit (range 13) 1873 | -10/Materials | Discovered new exit (range 8) 1886 | -10/Materials | Entered Subcaves 1887 | -10/Subcaves | Approached by a straggling Scientist 1892 | -10/Subcaves | Learned Materials terminal intel 2076 | -10/Subcaves | Lost 3 parts (2n1u) 2513 | -10/Subcaves | Visited 4L-MR0's lab 2532 | -10/Subcaves | Found Cargo Legs 2705 | -10/Subcaves | Build established: Scavenger-Mutant 2967 | -10/Subcaves | Shifting Twisted Machinery released Mak. Laser 2968 | -10/Subcaves | Shifting Twisted Machinery released Sub. Machine Gun 3369 | -10/Subcaves | Disturbed a concealed Subdweller 3824 | -10/Subcaves | A swath of the cavern ceiling suddenly collapsed 3867 | -10/Subcaves | Visited triangular shrine 3878 | -10/Subcaves | Found Prototype Device 3879 | -10/Subcaves | Identified V3-11A's Pendant 3884 | -10/Subcaves | Befriended Subdweller 3944 | -10/Subcaves | Befriended Subdweller 3944 | -10/Subcaves | Befriended Subdweller 4032 | -10/Subcaves | Shifting Twisted Machinery released Piercing Trap 4044 | -10/Subcaves | Shifting Twisted Machinery released Barrage Gun 4050 | -10/Subcaves | Discovered new exit (range 9) 4176 | -10/Subcaves | Curiously followed by a Cobbler waking with a query about "LVR3C" 4193 | -10/Subcaves | Build established: Mutant 4269 | -10/Subcaves | Befriended Subdweller 4269 | -10/Subcaves | Befriended Subdweller 4274 | -10/Subcaves | Discovered new exit (range 12) 4346 | -10/Subcaves | A Subdweller sparked back to life 4346 | -10/Subcaves | A Subdweller sparked back to life 4346 | -10/Subcaves | A Subdweller sparked back to life 4349 | -10/Subcaves | Befriended Subdweller 4358 | -10/Subcaves | Found Powered Cannon 4389 | -10/Subcaves | Befriended Subdweller 4389 | -10/Subcaves | Befriended Subdweller 4545 | -10/Subcaves | Learned Materials garrison access intel 4797 | -10/Subcaves | Shifting Twisted Machinery released Sub. Laser 4807 | -10/Subcaves | Shifting Twisted Machinery released Battle Cannon 5584 | -10/Subcaves | Befriended Subdweller 5584 | -10/Subcaves | Befriended Subdweller 5614 | -10/Subcaves | Befriended Subdweller 6550 | -10/Subcaves | Ambushed by angry Subdweller bent on revenge 6554 | -10/Subcaves | Befriended Subdweller 8303 | -10/Subcaves | Visited Clippyterm 8308 | -10/Subcaves | Identified exit to Recycling 10973 | -10/Subcaves | Attached Cargo Legs, gained temporary slots: Utility x2 10979 | -10/Subcaves | Attached Powered Cannon, gained temporary slot: Power 11008 | -10/Subcaves | Found SUBCON Basin 11131 | -10/Subcaves | Entered Recycling 11131 | -7/Recycling | Accompanied by 4 allies 11459 | -7/Recycling | Discovered new exit (range 15) 11499 | -7/Recycling | Build established: Commander-Mutant 11510 | -7/Recycling | Core integrity fell below 50% 11935 | -7/Recycling | Learned Factory non-interactive machine intel 11972 | -7/Recycling | Learned location of Upper Caves (-5) 11999 | -7/Recycling | Learned location of 1 exit from Proximity Caves 12016 | -7/Recycling | Learned 4 Lower Caves zone layouts 12018 | -7/Recycling | Scanned before Scraplab entrance 12023 | -7/Recycling | Learned 4 Proximity Caves zone layouts 12024 | -7/Recycling | Learned location of 2 exits from Archives 12025 | -7/Recycling | Learned Factory security intel 12037 | -7/Recycling | Learned location of 2 exits from Proximity Caves 12038 | -7/Recycling | Entered Scraplab 12059 | -7/Recycling | Learned location of 1 exit from Proximity Caves 12093 | -7/Recycling | Learned Hub_04(d) interactive machine intel 12812 | -7/Recycling | Discovered new exit (range 3) 12848 | -7/Recycling | Entered Scraptown 12848 | -7/Scraptown | Accompanied by 13 allies 12968 | -7/Scraptown | Delivered V3-11A's Pendant to T0-NE2 in exchange for information 13043 | -7/Scraptown | Heard Great Nut preacher, LISTEN AND RECITE! 13079 | -7/Scraptown | Discovered new exit (range 13) 13134 | -7/Scraptown | Scanned Subdweller tech in exchange for log data 13138 | -7/Scraptown | Learned 8 Research zone layouts 13214 | -7/Scraptown | Visited Cyclists 13240 | -7/Scraptown | Visited Comm Corps 13413 | -7/Scraptown | Visited Awakened 13482 | -7/Scraptown | Visited Scrapoid Research Area 13508 | -7/Scraptown | Visited Science Testing Area 13539 | -7/Scraptown | Visited UFD Registry 13539 | -7/Scraptown | Registered with UFD as "Databot" 13584 | -7/Scraptown | Visited Cartography Club 13605 | -7/Scraptown | Visited Analyses Database 13636 | -7/Scraptown | Visited Chapter 10 13657 | -7/Scraptown | Visited Infowarlord's Domain 13669 | -7/Scraptown | Visited Modified Component R&D 13735 | -7/Scraptown | Visited Science Guys 13792 | -7/Scraptown | Visited Derelict Rescue Squad 13812 | -7/Scraptown | Visited Curators Association 13878 | -7/Scraptown | Found Surveybot 17 Chip 14073 | -7/Scraptown | Found Exp. Sensor Array 14259 | -7/Scraptown | Discovered new exit (range 5) 14464 | -7/Scraptown | Visited LU-1G1's Boring Crew 14511 | -7/Scraptown | Tech Extrapolator generated special schematic: Deep Structural Scanner 14664 | -7/Scraptown | Learned location of Recycling (-7) 14664 | -7/Scraptown | Learned location of Proximity Caves (-5) 14664 | -7/Scraptown | Learned location of Archives (-4) 14664 | -7/Scraptown | Learned location of Armory (-4) 14664 | -7/Scraptown | Learned 16 Materials zone layouts 14664 | -7/Scraptown | Learned 16 Upper Caves zone layouts 14664 | -7/Scraptown | Learned 8 Materials zone layouts 14664 | -7/Scraptown | Learned 20 Upper Caves zone layouts 14664 | -7/Scraptown | Learned 20 Proximity Caves zone layouts 14664 | -7/Scraptown | Learned location of 3 exits from Factory 14664 | -7/Scraptown | Learned location of 3 exits from Lower Caves 14664 | -7/Scraptown | Learned location of 3 exits from Proximity Caves 14684 | -7/Scraptown | Found Deep Structural Scanner 14708 | -7/Scraptown | Tech Extrapolator generated special schematic: Machine Rigger 15044 | -7/Scraptown | Met Optimus 15044 | -7/Scraptown | Accepted into 0bPrime 15444 | -7/Scraptown | Civil war broke out across Scraptown 15452 | -7/Scraptown | Found Prototype Special Weapon 15453 | -7/Scraptown | Identified LU-1G1's Laser Shovel 15515 | -7/Scraptown | Lost 5 allies 15540 | -7/Scraptown | Found Surveybot 24 Chip 15549 | -7/Scraptown | Crushed by falling debris 15613 | -7/Scraptown | Found Personal Teleporter v0.10 15635 | -7/Scraptown | Visited Scrap Suit Storage 15652 | -7/Scraptown | Optimus destroyed in the chaos of civil war 15717 | -7/Scraptown | Lost 8 allies 15800 | -7/Scraptown | Entered Factory 15800 | -5/Factory | Evolved 10 slots: Power x1, Propulsion x2, Utility x6, Weapon x1 15801 | -5/Factory | Identified exit to Factory 15802 | -5/Factory | Identified exit to Upper Caves 15804 | -5/Factory | Loaded intel: 204 non-interactive machine locations 15978 | -5/Factory | Build established: Mutant 16213 | -5/Factory | Spotted B-75 Beast 16386 | -5/Factory | Build established: Scavenger-Tank 16958 | -5/Factory | Entered Upper Caves 16959 | -5/Upper Caves | Identified exit to Upper Caves 17112 | -5/Upper Caves | Learned Factory emergency access door positions 17113 | -5/Upper Caves | Build established: Scavenger-Gunner 17143 | -5/Upper Caves | Entered another Upper Caves area 17144 | -5/Upper Caves | Discovered new exit (range 93) 17237 | -5/Upper Caves | Learned Factory garrison access intel 17258 | -5/Upper Caves | Prototype Device suddenly appears! 17263 | -5/Upper Caves | Found Prototype Device 17263 | -5/Upper Caves | Identified Amulet of Y3-NDR 17285 | -5/Upper Caves | Encountered a Warlord checkpoint 17385 | -5/Upper Caves | Found DCF Scrap (15 items) 17400 | -5/Upper Caves | Joined by bewildered Wizard 17400 | -5/Upper Caves | Joined by bewildered Wizard 17400 | -5/Upper Caves | Joined by bewildered Wizard 17409 | -5/Upper Caves | Entered Zhirov 17409 | -5/Zhirov | Accompanied by 3 allies 17411 | -5/Zhirov | Discovered new exit (range 3) 17431 | -5/Zhirov | Met Zhirov 17452 | -5/Zhirov | Learned location of Testing (-2) 17463 | -5/Zhirov | Zhirov requested help retrieving the SGEMP Prototype 17482 | -5/Zhirov | Found Alien Artifact 17482 | -5/Zhirov | Identified Integrated Reactor 17482 | -5/Zhirov | Installed Integrated Reactor, increased core energy generation (+10) 17499 | -5/Zhirov | Found Alien Artifact 17633 | -5/Zhirov | Entered Proximity Caves 17636 | -4/Proximity Caves | Spotter reported a threat 17672 | -4/Proximity Caves | Joined by bewildered Wizard 17673 | -4/Proximity Caves | Joined by bewildered Wizard 17728 | -4/Proximity Caves | Spotter reported a threat 17765 | -4/Proximity Caves | Joined by bewildered Wizard 17765 | -4/Proximity Caves | Joined by bewildered Wizard 17781 | -4/Proximity Caves | Spotter reported a threat 17796 | -4/Proximity Caves | Spotted B-86 Titan 17849 | -4/Proximity Caves | Joined by bewildered Wizard 17857 | -4/Proximity Caves | Joined by bewildered Wizard 17868 | -4/Proximity Caves | Attracted the attention of an 0b10 checkpoint 17957 | -4/Proximity Caves | Entered Factory 17957 | -4/Factory | Accompanied by 2 allies 17957 | -4/Factory | Evolved 2 slots: Propulsion x2 17958 | -4/Factory | Identified exit to Research 17959 | -4/Factory | Identified exit to Extension 17961 | -4/Factory | Loaded intel: 4 garrison access locations 18049 | -4/Factory | Joined by bewildered Wizard 18052 | -4/Factory | Joined by bewildered Wizard 18110 | -4/Factory | Joined by bewildered Wizard 18195 | -4/Factory | Joined by bewildered Wizard 18195 | -4/Factory | Joined by bewildered Wizard 18195 | -4/Factory | Joined by bewildered Wizard 18207 | -4/Factory | Search patrols dispatched 18217 | -4/Factory | Lost 3 allies 18269 | -4/Factory | Identified exit to Upper Caves 18269 | -4/Factory | Identified exit to Armory 18325 | -4/Factory | Build established: Tank 18332 | -4/Factory | Entered Upper Caves 18332 | -4/Upper Caves | Accompanied by 4 allies 18385 | -4/Upper Caves | Spotted B-86 Titan 18397 | -4/Upper Caves | Joined by bewildered Wizard 18399 | -4/Upper Caves | Joined by bewildered Wizard 18439 | -4/Upper Caves | Lost 5 allies 18559 | -4/Upper Caves | Joined by bewildered Wizard 18561 | -4/Upper Caves | Joined by bewildered Wizard 18566 | -4/Upper Caves | Joined by bewildered Wizard 18572 | -4/Upper Caves | Joined by bewildered Wizard 18593 | -4/Upper Caves | Allies destroyed B-86 Titan 18602 | -4/Upper Caves | Joined by bewildered Wizard 18689 | -4/Upper Caves | Learned Research security intel 18692 | -4/Upper Caves | Attracted the attention of an 0b10 checkpoint 18746 | -4/Upper Caves | Joined by bewildered Wizard 18759 | -4/Upper Caves | Learned Research non-interactive machine intel 18886 | -4/Upper Caves | Discovered new exit (range 7) 18890 | -4/Upper Caves | Build established: Gunner 18897 | -4/Upper Caves | Entered another Upper Caves area 18897 | -4/Upper Caves | Accompanied by 3 allies 18911 | -4/Upper Caves | Joined by bewildered Wizard 18922 | -4/Upper Caves | Attracted the attention of an 0b10 outpost 18979 | -4/Upper Caves | Joined by bewildered Wizard 19053 | -4/Upper Caves | Joined by bewildered Wizard 19054 | -4/Upper Caves | Joined by bewildered Wizard 19129 | -4/Upper Caves | Learned Research stockpile data 19178 | -4/Upper Caves | Discovered new exit (range 3) 19209 | -4/Upper Caves | Entered Warlord 19209 | -4/Warlord | Accompanied by 5 allies 19322 | -4/Warlord | Found Prototype Device 19322 | -4/Warlord | Identified Exp. Phase Shifter 19352 | -4/Warlord | Found Prototype Reactor 19357 | -4/Warlord | Found Spectral Analyzer 19663 | -4/Warlord | Visited the Vortex Lab 19668 | -4/Warlord | Warlord's base attacked by MAIN.C 19674 | -4/Warlord | Found Prototype Energy Cannon 19674 | -4/Warlord | Identified Vortex Driver 19682 | -4/Warlord | Found Vortex Driver 19824 | -4/Warlord | Spotted B-90 Cyclops 19866 | -4/Warlord | Spotted B-86 Titan 19903 | -4/Warlord | Destroyed B-90 Cyclops 19910 | -4/Warlord | Lost 6 allies 19931 | -4/Warlord | Warlord forces counterattacked 19993 | -4/Warlord | Destroyed RD-OCV(g) 20021 | -4/Warlord | Spotted Striker 20023 | -4/Warlord | Spotted Striker 20081 | -4/Warlord | Lost 21 allies 20098 | -4/Warlord | Spotted Executioner 20170 | -4/Warlord | Lost 8 allies 20203 | -4/Warlord | Spotted B-90 Cyclops 20207 | -4/Warlord | Spotted Striker 20239 | -4/Warlord | Identified Vortex Chain Reactor 20343 | -4/Warlord | Warlord base infiltrated, sounded retreat 20391 | -4/Warlord | Spotted Executioner 20392 | -4/Warlord | Destroyed Executioner 20435 | -4/Warlord | Destroyed 8 combat bots 20435 | -4/Warlord | Spotted Striker 20445 | -4/Warlord | Found Prototype Processor 20445 | -4/Warlord | Identified Exp. Core Analyzer 20479 | -4/Warlord | Discovered new exit (range 15) 20500 | -4/Warlord | Spotted Striker 20514 | -4/Warlord | Destroyed Striker 20543 | -4/Warlord | Rebuked by Warlord 20570 | -4/Warlord | Spotted Striker 20574 | -4/Warlord | Spotted Executioner 20691 | -4/Warlord | Entered Proximity Caves 20726 | -3/Proximity Caves | Spotted B-86 Titan 20745 | -3/Proximity Caves | Build established: Scavenger-Gunner 20759 | -3/Proximity Caves | Joined by bewildered Wizard 20759 | -3/Proximity Caves | Joined by bewildered Wizard 20759 | -3/Proximity Caves | Joined by bewildered Wizard 20784 | -3/Proximity Caves | Found Hvy. Reflective Plating 20867 | -3/Proximity Caves | Joined by bewildered Wizard 21060 | -3/Proximity Caves | Joined by bewildered Wizard 21072 | -3/Proximity Caves | Entered Research 21072 | -3/Research | Accompanied by 4 allies 21072 | -3/Research | Evolved 2 slots: Utility x2 21073 | -3/Research | Identified exit to Quarantine 21076 | -3/Research | Loaded intel: 77 non-interactive machine locations 21121 | -3/Research | Garrison activated, responded to threat 21128 | -3/Research | Joined by bewildered Wizard 21128 | -3/Research | Joined by bewildered Wizard 21160 | -3/Research | Lost 3 allies 21170 | -3/Research | Joined by bewildered Wizard 21172 | -3/Research | Joined by bewildered Wizard 21206 | -3/Research | Joined by bewildered Wizard 21206 | -3/Research | Joined by bewildered Wizard 21229 | -3/Research | Lost 3 allies 21481 | -3/Research | Discovered exit to Quarantine (range 11) 21587 | -3/Research | System corruption reached 10% 21632 | -3/Research | Entered Quarantine 21666 | -3/Quarantine | Cryocooling Duct disabled 21681 | -3/Quarantine | Ambient heat levels rising (+20) 21681 | -3/Quarantine | Non-combat units ordered to evacuate 21747 | -3/Quarantine | Found Alien Artifact 21906 | -3/Quarantine | Found Sigix Corpse 21964 | -3/Quarantine | Build established: Scavenger-Skirmisher 22067 | -3/Quarantine | Discovered new exit (range 23) 22115 | -3/Quarantine | Found Fusion Bomb Launcher 22327 | -3/Quarantine | Found Alien Artifact 22335 | -3/Quarantine | Found Alien Artifact 22361 | -3/Quarantine | Found Alien Slashing Weapon 22542 | -3/Quarantine | Spotted Alpha 7 22626 | -3/Quarantine | Identified exit to Research 22627 | -3/Quarantine | Entered Research 22627 | -2/Research | Evolved 2 slots: Utility x2 22829 | -2/Research | Discovered new exit (range 17) 22881 | -2/Research | Identified exit to Access 22925 | -2/Research | Spotted B-90 Cyclops 22955 | -2/Research | Destroyed B-90 Cyclops 23053 | -2/Research | Identified Sigix Broadsword 23054 | -2/Research | Found Quantum Capacitor 23349 | -2/Research | Identified exit to Testing 23404 | -2/Research | Cargo convoy interrupted 23503 | -2/Research | Build established: Mutant 23732 | -2/Research | Lost 12 parts (1p5n5u1w) 23809 | -2/Research | Found Gamma Bomb Array 24019 | -2/Research | Spotted B-90 Cyclops 24068 | -2/Research | Build established: Infiltrator-Mutant 24074 | -2/Research | Lost 3 parts (1p2n) 24086 | -2/Research | Destroyed B-90 Cyclops 24230 | -2/Research | Core integrity fell below 50% 24260 | -2/Research | Identified Hpw. Transdimensional Reconstructor 24260 | -2/Research | Warped through subspace 24285 | -2/Research | Identified Transdimensional Reconstructor 24285 | -2/Research | Warped through subspace 24286 | -2/Research | Identified Dimensional Node Initializer 24286 | -2/Research | Initialized slip node 24289 | -2/Research | Core destroyed Last Messages --------------- Reconstructor. 24260_ Warped through subspace. 24261_ Personal Teleporter v0.10 accelerates matter through subspace pores. 24262_ ALERT: Potential suspicious activity detected, Programmers report to Research Zone 5E. 24276_ Personal Teleporter v0.10 fully charged. 24278_ System corrupted: Adv. ECM Suite rejected. 24278_ R-10 Processor collects Adv. ECM Suite. 24278_ Personal Teleporter v0.10 destroyed. 24285_ Identified Transdimensional Reconstructor. 24285_ Warped through subspace. 24286_ Identified Dimensional Node Initializer. 24286_ Initializer activates and latches into the ground. 24287_ U-05 Engineer lays Concrete. 24289_ Dimensional Slip Node implodes. Map ----- +----------------------------------------------------+ | ???????????????????????? #### #??? #???? | | ???????????????????????? # ## ##? #???? | | ???????????????????????? # # # # ## #???? | | ???????????????????????? #???? | | ???????????????????????? ?????? | | ???????????????????????? ???????? | | ???????????????????????? % !!= ????????? | | ????????????????????####+## !%% ##+######?? | | ????????????????????# # !!!% #?? | | ????????????????????# # ??? | | ????????????????????# # !! ????? | | ????????????????????# ] # !! ??????? | | ????????????????????# !! !! u !!????????? | | ????????????????????# * =*%[ !! # ????????? | | ###################?# %==% # ????????? | | # """S""" ###!! % *% #? ? ??? ??? | | # """ """ #"#!! ! #??????????# | | # + + !!! ! #?#??##?#??? | | """ # ###%%%| = # ????? ?? | | """ # %[ #?# %=% # #?? ?? ? ? | | """ # #?## # """ #?? ? ??? | | ? # %! #?##[#### k """" # ?? ?? ??? | | ??? ######+######?##%#??# """ #??? ? ? | | #####+### !#???###!#### """ ###+######## | | ##### %% R | | ## ^ @ w | | ?# A k | | ?# ##### ^ | | ?#### ### #???## #######+### ############ | | ????# #?###+####????#g # # #??#######?# | | ????# #?????????????# # # ############ | | ##### #?????????????# # !!! # | | # #?????????????# # !! + | | # #????????????## # !] # | | "" # #??????????#?## # # | | "" # #?? ?????#?#?# # ] ############### | | "" # # ????? ?#?#?# # ###?#####??##?# | | # #?? ? ??? ???## ######+################## | | # ############## | | "" + | | "" ###### | | "" #######+#?#?#??? | | ## #??#?#?# ########## ####+##### | | ## ##?#?##? # # # ## | | ###### ######## # # # ! ## | | ????#? # # + + ## | | ?#???? # ?# # # ## | | ?#?#??? # ? ?+ # # ## | | #?#?#?? # ??? ?########## # ## | | ???#?? ? ?# ########"####???##+############ | +----------------------------------------------------+ Best States ------------- Heat Dissipation 99 Energy Generation 80 Energy Capacity 700 Matter Stores 545 Matter Capacity 600 Sight Range 24 Robot Scan Range 20 Terrain Scan Density 10 Jamming Range 14 Power Amplification 30 Armor Coverage 600 Resistance: KI 25 Resistance: TH 25 Phase Shifting 20 Evasion (%) 83 Targeting Accuracy 8 Core Analysis 11 Recoil Reduction 2 Authchip Count 5 Item Schematics ----------------- Spk. Treads | -7/Scraptown | Extrapolated Mak. Leg | -7/Scraptown | Extrapolated Deep Structural Scanner | -7/Scraptown | Extrapolated Mak. Coolant Network | -7/Scraptown | Extrapolated Mak. Light Armor Plating | -7/Scraptown | Extrapolated Machine Rigger | -7/Scraptown | Extrapolated Cmb. Airjet | -5/Factory | Scanalyzed Assault Drone Bay | -5/Zhirov | Free Exp. Heat Sink | -5/Zhirov | Free Exp. Optical Array | -5/Zhirov | Free Imp. Arc Thrower | -5/Zhirov | Free Robot Schematics ------------------ None Fabricated ------------ Nothing Repaired ---------- Nothing Studied --------- Cmb. Airjet | -5/Factory | Hacked Imp. VSS Leg | -5/Factory | Hacked Arm. Leg | -5/Factory | Hacked Flexi-carbon Leg | -5/Factory | Hacked Lgt. Fission Core | -5/Factory | Hacked Adv. VSS Leg | -2/Research | Hacked Alien Tech Used ----------------- Integrated Reactor Sigix Broadsword High-powered Transdimensional Reconstructor Transdimensional Reconstructor Dimensional Node Initializer Achievements -------------- None Challenges ------------ None Game ------ Seed FluxInsulatedDrive Manual? 0 Play Time 02:21:20 Cumulative 215.2 hours Start 2025.12.09 @ 18:52:14 End 2025.12.10 @ 16:23:58 Sessions 5 Manual Loads 0 Difficulty Rogue Special Mode None Game No. 203 Rogue 203 Adventurer 0 Explorer 0 Win Type - Total 10 Types 7/0/2/0/0/0/0/0/0/1 Lore% 85 Gallery% 74 Achievement% 59 Wizard Run 0 Options --------- Layout 1 ASCII 0 Keyboard 1 Movement Arrows Keybinds 0 Fullscreen 1 Font 24/Smallcaps Map View 50x40 Zoom Use 0% Tactical HUD 1 Map Filters NONE Filters NONE Steam 1 RUN: 570815f4-6404-4e4f-8d2d-331acc757bc9